 Dungeon Crawl Stone Soup version 0.29.1-15-g9cfb28693d (webtiles) character file.

Game seed: 14704400568766338419

2531 growler the Martial Artist (level 9, 0/62 (70) HPs)
             Began as a Black Draconian Transmuter on Feb 25, 2023.
             Was an Initiate of Wu Jian.
             Slain by a wight
             ... wielding a +0 battleaxe
              (3 damage)
             ... on level 7 of the Dungeon.
             The game lasted 00:17:23 (8112 turns).

growler the Martial Artist (DrTm)                   Turns: 8112, Time: 00:17:24

HP:   0/62 (70)     AC:  9    Str: 13    XL:     9   Next: 30%
MP:   15/15         EV: 16    Int: 21    God:    Wu Jian [......]
Gold: 457           SH:  0    Dex: 14    Spells: 10/16 levels left

rFire   . . .      SeeInvis .     - Unarmed
rCold   . . .      Faith    .   (no shield)
rNeg    . . .      Spirit   .   (body armour unavailable)
rPois   .          Reflect  .   (helmet restricted)
rElec   +          Harm     .   h - scarf {repulsion}
rCorr   .          Rampage  .   o - +0 pair of gloves
Will    .....                   D - +0 pair of boots
Stlth   +.........              (no amulet)
HPRegen 0.20/turn               f - +4 ring of evasion
MPRegen 0.14/turn               t - +6 ring of intelligence

@: about to teleport, short of breath, heavily drained, repel missiles
A: breathe lightning, AC +7, unfitting armour, electricity resistance,
cold-blooded
a: Breathe Lightning, Renounce Religion


You were on level 7 of the Dungeon.
You worshipped Wu Jian.
Wu Jian was noncommittal.
You visited 2 branches of the dungeon, and saw 9 of its levels.

You collected 457 gold pieces.

Inventory:

Armour
 h - a scarf of repulsion (worn)
 o - a +0 pair of gloves (worn)
 D - a +0 pair of boots (worn)
Jewellery
 f - a +4 ring of evasion (left hand)
 t - a +6 ring of intelligence (right hand)
 B - a ring of magical power
Wands
 b - a wand of quicksilver (5)
 z - a wand of charming (6)
Scrolls
 c - a scroll of silence
 d - a scroll of torment {unknown}
 g - 5 scrolls of teleportation
 i - 2 scrolls of vulnerability {unknown}
 r - a scroll of fear
 u - a scroll of fog {unknown}
 v - 2 scrolls of brand weapon {unknown}
 w - 2 scrolls of acquirement {unknown}
 x - a scroll of noise
 y - a scroll of poison {unknown}
 A - a scroll of enchant weapon {unknown}
 C - a scroll of immolation {unknown}
Potions
 a - 2 potions of lignification
 e - 4 potions of might
 j - a potion of mutation
 k - a potion of resistance
 l - 3 potions of attraction
 m - a potion of cancellation
 n - 4 potions of haste
 p - 5 potions of flight
 q - 5 potions of curing
 s - a potion of berserk rage
 E - a potion of brilliance {unknown}


   Skills:
 + Level 3.5 Fighting
 - Level 1.7 Dodging
 + Level 10.5 Unarmed Combat
 - Level 4.0 Spellcasting
 + Level 5.1 Transmutations
 + Level 2.9 Poison Magic


You had 10 spell levels left.
You knew the following spells:

 Your Spells              Type           Power      Damage    Failure   Level
a - Beastly Appendage     Tmut           50%        N/A       1%          1
b - Wereblood             Tmut           25%        N/A       2%          2
c - Spider Form           Tmut/Pois      21%        N/A       7%          3

Your spell library contained the following spells:

 Spells                   Type           Power      Damage    Failure   Level
 Passwall                 Tmut/Erth      12%        N/A       6%          2
 Sandblast                Erth           8%         2d5       12%         1
 Summon Small Mammal      Summ           16%        N/A       12%         1
 Call Canine Familiar     Summ           4%         N/A       34%         3
 Inner Flame              Hex/Fire       4%         N/A       34%         3
 Stone Arrow              Conj/Erth      8%         3d7       34%         3
 Summon Guardian Golem    Hex/Summ       4%         N/A       34%         3
 Ice Form                 Ice/Tmut       15%        N/A       38%         4
 Cause Fear               Hex            2%         N/A       75%         4
 Discord                  Hex            2%         N/A       100%        8


Dungeon Overview and Level Annotations

Branches:
Dungeon (8/15)             Temple (1/1) D:7
   Lair: D:8-11

Altars:
Ashenzari
Cheibriados
Elyvilon
Fedhas
Gozag
Hepliaklqana
Kikubaaqudgha
Makhleb
Nemelex Xobeh
Qazlal
Ru
Sif Muna
Trog
Uskayaw
Vehumet
Wu Jian
Xom

Shops:
D:2 :**:*   D:6 *

Annotations:
D:4 1 transporter, BuddhaDhamma's ghost, amateur MiBe


Innate Abilities, Weirdness & Mutations

You can breathe wild blasts of lightning.
Your glossy black scales are hard. (AC +7)
You cannot fit into any form of body armour.
You are resistant to electric shocks. (rElec)
You are cold-blooded and may be slowed by cold attacks.


Message History

The wight barely misses you. The wight hits you but does no damage.
You hit the wight but do no damage.
The wight is lightly damaged.
You feel yourself speed up. The wight barely misses you.
The wight hits you with a +0 battleaxe!
You feel drained. The wight barely misses you. The wight misses you.
You hit the wight.
The wight is moderately damaged.
You barely miss the wight.
Your tail-slap misses the wight.
The wight is moderately damaged.
The wight hits you with a +3 short sword of freezing.
You feel drained. The wight freezes you. The wight barely misses you.
You hit the wight but do no damage. You tail-slap the wight.
The wight is heavily damaged.
The wight hits you with a +3 short sword of freezing.
You feel drained.
You feel yourself slow down. The wight freezes you.
* * * LOW HITPOINT WARNING * * *
The wight completely misses you.
You barely miss the wight.
The wight is heavily damaged.
The wight closely misses you. The wight hits you but does no damage.
You punch the wight!
You destroy the wight!
The Council accepts your kill.
You feel yourself speed up. The wight closely misses you.
The wight attacks as you move away! The wight closely misses you.
Things that are here:
a +3 short sword of freezing; a +0 robe The wight attacks as you move away!
The wight hits you with a +0 battleaxe!
* * * LOW HITPOINT WARNING * * *
You feel drained.
Okay, then.
Unknown command.
Unknown command.
As you read the scroll of teleportation, it crumbles to dust.
You feel strangely unstable. The wight hits you with a +0 battleaxe!
* * * LOW HITPOINT WARNING * * *
You feel drained.
You die...

.....# ###......### .....#
########.....### .....#
#.........<#.... .....#
#..........##### .....#
#..........# # .....##########
####.########### ##..##........#
##..#####......
#..##........#####..........####
#..##..........@z)..............
#...#........#####>.........####
##.#)#........####.........>....#
.........######..........######.#
.#........# #.......##.######.#
.###.#..(.# #......###.......>.
.###.####.# #......####.#####.#
..#...##..# #......##...# ##..
...._..#..# #......##.#.# ##...


You could see a wight.

Vanquished Creatures
  A steam dragon (D:8)
  A water moccasin (D:4)
  2 black bears
  A centaur (D:5)
  2 ogres
  2 phantoms
  A kobold brigand (D:5)
  3 bullfrogs (D:7)
  4 necrophages
  2 scorpions (D:5)
  7 wights
  5 howler monkeys
  2 jellies (D:5)
  2 hounds
  2 orc priests
  3 iguanas
  12 adders
  4 river rats (D:5)
  3 shadow imps
  3 white imps
  4 worms
  A dart slug (D:1)
  11 orcs
  4 ball pythons
  5 bats
  13 endoplasms
  2 giant cockroaches
  9 goblins
  14 hobgoblins
  2 jackals (D:1)
  A quokka (D:2)
  14 kobolds
  5 rats
147 creatures vanquished.

Vanquished Creatures (others)
  An orc (D:8)
1 creature vanquished.

Grand Total: 148 creatures vanquished

Notes
Turn   | Place    | Note
-------+----------+-------------------------------------------
     0 | D:1      | growler the Draconian Transmuter began the quest for the
                  | Orb.
     0 | D:1      | Reached XP level 1. HP: 16/16 MP: 3/3
   240 | D:1      | Reached XP level 2. HP: 23/23 MP: 5/5
   251 | D:1      | Learned a level 2 spell: Wereblood
   565 | D:1      | Found a faded altar of an unknown god.
   881 | D:1      | Reached XP level 3. HP: 28/28 MP: 6/6
   885 | D:1      | Learned a level 3 spell: Spider Form
  1812 | D:2      | Reached XP level 4. HP: 18/35 MP: 4/8
  1988 | D:2      | Found Ysal's Book Emporium.
  2022 | D:2      | You fall into a shaft and drop 2 floors!
  2226 | D:3      | Found a broken altar of Ashenzari.
  2250 | D:3      | Found an ancient bone altar of Kikubaaqudgha.
  2527 | D:2      | Reached skill level 4 in Unarmed Combat
  2548 | D:2      | Found Piwid's Book Shoppe.
  2560 | D:2      | Identified the +3 robe of Mumblety Peg {Int-4 Slay+2 Stlth+
                  | Archmagi}
  2565 | D:2      | Found an ancient bone altar of Kikubaaqudgha.
  2614 | D:2      | Found Cuost's General Store.
  2845 | D:2      | Found Zaguv's Assorted Antiques.
  2998 | D:2      | Found Uhunyke's Assorted Antiques.
  3018 | D:2      | Reached XP level 5. HP: 40/40 MP: 7/9
  3594 | D:4      | Noticed BuddhaDhamma's ghost (amateur MiBe)
  3594 | D:4      | Identified the +6 great mace of the Fray {elec, Fly Will-
                  | Str+3 Int+2}
  3594 | D:4      | Noticed an ogre
  3594 | D:4      | Noticed an ogre
  3595 | D:4      | Found a transporter.
  3598 | D:4      | Noticed an ogre
  3643 | D:4      | Identified the +9 rapier of the Enemy {drain, rElec rCorr
                  | Str+2}
  3656 | D:4      | Noticed an ogre
  3802 | D:4      | Killed an ogre
  3803 | D:4      | Reached skill level 5 in Unarmed Combat
  3803 | D:4      | Reached XP level 6. HP: 47/47 MP: 6/10
  3944 | D:4      | Found an opulent altar of Gozag.
  4254 | D:4      | Found a hide-covered altar of Uskayaw.
  4610 | D:4      | Reached skill level 6 in Unarmed Combat
  4945 | D:5      | Entered Level 5 of the Dungeon
  4945 | D:5      | Noticed a water moccasin
  4956 | D:4      | Killed a water moccasin
  4957 | D:4      | Your scales start taking on a glossy black colour.
  4957 | D:4      | Reached XP level 7. HP: 50/52 MP: 11/11
  4957 | D:4      | Gained mutation: You are resistant to electric shocks.
                  | (rElec) [Black Draconian growth]
  4978 | D:5      | Reached skill level 7 in Unarmed Combat
  5313 | D:5      | Found a hazy altar of Hepliaklqana.
  5361 | D:5      | Reached skill level 8 in Unarmed Combat
  5389 | D:5      | Reached XP level 8. HP: 25/59 MP: 8/12
  5579 | D:4      | Reached skill level 9 in Unarmed Combat
  5859 | D:5      | Found a shimmering blue altar of Sif Muna.
  6343 | D:6      | Reached skill level 10 in Unarmed Combat
  6410 | D:6      | Reached skill level 1 in Poison Magic
  6765 | D:6      | Found a burning altar of Makhleb.
  6790 | D:6      | Found Dpliyxtu's Desiderata Depot.
  6925 | D:6      | Found a stormy altar of Qazlal.
  6925 | D:6      | Found a sparkling altar of Nemelex Xobeh.
  6926 | D:6      | Found a snail-covered altar of Cheibriados.
  7040 | D:7      | Found a staircase to the Ecumenical Temple.
  7046 | Temple   | Entered the Ecumenical Temple
  7057 | Temple   | Became a worshipper of the Wu Jian Council
  7329 | D:7      | Found a blossoming altar of Fedhas.
  7376 | D:7      | Found a shimmering altar of Xom.
  7393 | D:7      | Found a bloodstained altar of Trog.
  7423 | D:7      | Reached XP level 9. HP: 65/68 MP: 14/14
  7921 | D:8      | Reached skill level 5 in Transmutations
  8112 | D:7      | HP: 3/64 [wight/+0 battleaxe (9)]
  8112 | D:7      | Slain by a wight

Illustrated notes

Levels and vault maps discovered:
D:1:      elethiomel_arrival_infinity_welcomes_careful_drivers,
          layout_loops_corners, dreamdust_ecumenical_altar_angels_and_demons,
          nicolae_concentric_dashed_squares_wild
D:2:      layout_basic, serial_shops, shop_fountains, shop,
          nicolae_shop_overgrown_old_shop, nicolae_shop_stone,
          nicolae_shop_crystal, basic_altar
D:3:      layout_loops_ring, mainiacjoe_overflow_alcove_2, lemuel_crystal_altar
D:4:      layout_loops_corners, nicolae_uskayaw_suspiria,
          nicolae_gozag_cash_rules_everything_around_me, gammafunk_ghost_smash,
          minmay_misc_feat_more_columns
D:5:      layout_cave_pools, nzn_hepliaklqana_mist_gate,
          mainiacjoe_overflow_cross_hatched, lightli_sewer_entry_pipes
D:6:      layout_gridville, chequers_temple_overflow_statue_of_worship,
          lemuel_doored_altar, nicolae_alphabet_shops
D:7:      layout_rooms, mainiacjoe_overflow_small_starburst,
          overflow_temple_1_default, trog_three_pillars_becter,
          minmay_temple_entry_statues_fountains, serial_curves, eino_curves_01,
          eino_curves_04
D:8:      lemuel_slime, layout_cave_pools, kennysheep_mini,
          nicolae_figureground_pulse
Temple:   nicolae_temple_great_sept

Skill      XL: |  1  2  3  4  5  6  7  8  9 |
---------------+----------------------------+-----
Transmutations | 3 4 5 |  5.1
Spellcasting   | 3 4 |  4.0
Unarmed Combat | 4 5 6 8 10 | 10.5
Poison Magic   | 2 |  2.9
Fighting       | 2 3 |  3.5
Dodging        | |  1.7

Action                   |  1- 3 |  4- 6 |  7- 9 || total
-------------------------+-------+-------+-------++-------
Melee: Unarmed           |    92 |   175 |   285 ||   552
       Tailslap          |    16 |    18 |    26 ||    60
       Punch             |     4 |     3 |     9 ||    16
       Kick              |       |    22 |     3 ||    25
       Headbutt          |       |    10 |     2 ||    12
 Cast: Spider Form       |     1 |     2 |    11 ||    14
       Beastly Appendage |       |    10 |     1 ||    11
Invok: Lunge             |       |       |     3 ||     3
 Abil: Breathe Lightning |       |       |     4 ||     4
  Use: Scroll            |       |     9 |     4 ||    13
 Stab: Sleeping          |     1 |     1 |       ||     2
Armor: Skin              |    21 |    38 |    51 ||   110
Dodge: Dodged            |    59 |   107 |   227 ||   393
       Repelled          |       |       |     1 ||     1
